 Dungeon Crawl Stone Soup version 0.29.0-11-gd7f09526c8 (webtiles) character file.

Game seed: 1104074734321280569

61007 LustLizard the Brawler (level 14, -2/142 (144) HPs)
             Began as a Troll Fighter on Sept 6, 2022.
             Was the Champion of Wu Jian.
             Killed from afar by an orc wizard (3 damage)
             ... with a puff of flame
             ... on level 1 of the Orcish Mines.
             The game lasted 00:57:43 (17662 turns).

LustLizard the Brawler (Troll Fighter)             Turns: 17662, Time: 00:57:44

HP:   -2/142 (144)  AC:  8    Str: 27    XL:     14   Next: 59%
MP:   13/13         EV: 11    Int:  8    God:    Wu Jian [******]
Gold: 2003          SH: 15    Dex:  9    Spells: 13/13 levels left

rFire   . . .      SeeInvis .     - Unarmed
rCold   . . .      Faith    .   b - +0 kite shield
rNeg    . . .      Spirit   .   H - +0 troll leather armour
rPois   .          Reflect  +   (helmet restricted)
rElec   .          Harm     .   r - +1 cloak
rCorr   +          Rampage  .   (gloves unavailable)
Will    +....                   (boots unavailable)
Stlth   +.........              t - amulet of reflection
HPRegen 1.93/turn               F - ring of resist corrosion
MPRegen 0.13/turn               (no ring)

@: lightly drained
A: large, unfitting armour, claws 3, regeneration 1, shaggy fur 1, tough skin 1
a: Renounce Religion, Wall Jump, Serpent's Lash, Heavenly Storm


You were on level 1 of the Orcish Mines.
You worshipped Wu Jian.
Wu Jian was exalted by your worship.
You visited 3 branches of the dungeon, and saw 17 of its levels.
You also visited: Ice Cave.

You collected 2003 gold pieces.

Inventory:

Hand Weapons
 h - a +0 dagger
Missiles
 e - 11 boomerangs
 i - 8 large rocks (quivered)
 o - 2 curare-tipped darts
 q - 2 throwing nets
 s - 14 poisoned darts
 z - 51 stones
 A - 13 boomerangs of dispersal
 G - 4 javelins
 N - 5 atropa-tipped darts
Armour
 b - a +0 kite shield (worn)
 r - a +1 cloak (worn)
 H - a +0 troll leather armour (worn)
 M - a +0 robe of fire resistance
 Q - a +0 robe of resistance
Jewellery
 t - an amulet of reflection (around neck)
 F - a ring of resist corrosion (left claw)
 P - an amulet of magic regeneration
Wands
 c - a wand of mindburst (6)
 n - a wand of paralysis (2)
 C - a wand of roots (8)
 E - a wand of flame (5)
Scrolls
 d - 2 scrolls of brand weapon
 f - a scroll of magic mapping
 g - 4 scrolls of immolation
 k - 2 scrolls of teleportation
 m - a scroll of blinking
 p - 5 scrolls of enchant weapon
 u - a scroll of fog
 x - a scroll of torment
 y - 2 scrolls of poison
 D - 2 scrolls of enchant armour
 S - a scroll of fear
Potions
 a - a potion of haste
 l - 2 potions of lignification
 v - 14 potions of curing
 w - a potion of cancellation
 B - a potion of attraction
 I - 4 potions of brilliance
 J - a potion of magic
 K - a potion of flight
 L - 3 potions of mutation
 R - a potion of resistance {unknown}
Miscellaneous
 T - a box of beasts


   Skills:
 + Level 10.6 Fighting
 + Level 9.2 Dodging
 + Level 11.6 Shields
 * Level 17.0 Unarmed Combat


You had 13 spell levels left.
You didn't know any spells.
Your spell library contained the following spells:

 Spells                   Type           Power      Damage    Failure   Level
 Beastly Appendage        Tmut           0%         N/A       65%         1
 Freeze                   Ice            0%         1d3       65%         1
 Wereblood                Tmut           0%         N/A       78%         2
 Dazzling Flash           Conj/Hex       0%         N/A       95%         3
 Frozen Ramparts          Ice            0%         1d1       95%         3
 Ignite Poison            Fire/Tmut/Pois 0%         N/A       95%         3
 Mephitic Cloud           Conj/Pois/Air  0%         N/A       95%         3
 Spider Form              Tmut/Pois      0%         N/A       95%         3
 Animate Dead             Necr           0%         N/A       100%        4
 Hailstorm                Conj/Ice       0%         3d3       100%        4
 Ice Form                 Ice/Tmut       0%         N/A       100%        4
 Passage of Golubria      Tloc           0%         N/A       100%        4
 Agony                    Necr           0%         N/A       100%        5
 Borgnjor's Vile Clutch   Necr/Erth      0%         N/A       100%        5
 Freezing Cloud           Conj/Ice/Air   0%         6-21      100%        5
 Silence                  Hex/Air        0%         N/A       100%        5
 Death Channel            Necr           0%         N/A       100%        6
 Dispersal                Tloc           0%         N/A       100%        6
 Simulacrum               Ice/Necr       0%         N/A       100%        6
 Disjunction              Tloc           0%         N/A       100%        8
 Lehudib's Crystal Spear  Conj/Erth      0%         10d2      100%        8


Dungeon Overview and Level Annotations

Branches:
Dungeon (12/15)            Temple (0/1) D:7            Lair (5/5) D:10
  Swamp (0/4) Lair:3        Snake (0/4) Lair:2        Slime (0/5) Lair:4
    Orc (1/2) D:10          IceCv (visited)

Altars:
Ashenzari
Cheibriados
Dithmenos
Gozag
Hepliaklqana
Kikubaaqudgha
Makhleb
Nemelex Xobeh
Okawaru
Ru
Uskayaw
Wu Jian
Zin
Jiyva

Shops:
D:2 [

Portals:
Trove: D:12 (give +7 demon whip)

Annotations:
Lair:1 1 runed translucent door
Lair:5 2 runed translucent doors


Innate Abilities, Weirdness & Mutations

You are too large for most types of armour.
You have claws for hands.
Your natural rate of healing is unusually fast.
You are covered in fur. (AC +1)
You have tough skin. (AC +1)


Message History

The bolt hits you!
The deep elf zephyrmancer moves out of view.
The orc wizard gestures wildly while chanting.
The orc wizard flickers and vanishes!
The orc priest hits you but does no damage.
The deep elf pyromancer casts a spell.
The deep elf pyromancer blinks!
The deep elf pyromancer mumbles some strange words.
The deep elf pyromancer blinks!
The deep elf archer shoots an arrow.
The arrow hits you. The fire elemental hits you. The fire elemental burns you!
* * * LOW HITPOINT WARNING * * *
Something hits you but does no damage. The orc priest barely misses you.
Something hits you but does no damage.
The deep elf pyromancer mumbles some strange words.
The deep elf archer unwields a +0 shortbow.
The deep elf archer wields a +0 dagger.
The deep elf archer hits you but does no damage.
You mangle the orc priest!!
You kill the orc priest!
The Council accepts your kill.
You feel less confused.
The fire elemental disappears in a puff of smoke!
The fire elemental hits you.
* * * LOW HITPOINT WARNING * * *
The fire elemental burns you!
* * * LOW HITPOINT WARNING * * *
Something hits you but does no damage. You block something's attack.
You mangle something!! The Council accepts your kill.
Reactivating autopickup.
You feel a bit more experienced.
The deep elf archer hits you with a +0 dagger!!
* * * LOW HITPOINT WARNING * * *
The fire elemental hits you. The fire elemental burns you!
* * * LOW HITPOINT WARNING * * *
You hear some strange, mumbled words.
A puff of flame appears from out of thin air!
Deactivating autopickup; reactivate with Ctrl-A.
The puff of flame hits you.
You die...

......#.....#
........#....
............## .
.............## o.
..............## .#
#.............#.#
##.....[.[....#e.##
#......)...{.o.#..##
......)><)@)e§......
.......)[e.E°.○°....
..#..$...#..........
..............E..#.#
........##.#E..○## #
..#......#..○e.##
.#............##
.#.#....#.####
.#.... .##


You could see a deep elf archer (repels missiles), 2 deep elf pyromancers, a
deep elf zephyrmancer, 3 fire elementals and an orc warrior.

Vanquished Creatures
  Frances (D:12)
  An orc warlord (D:10)
  4 hydras
  3 boulder beetles
  3 two-headed ogres
  6 death yaks
  Sonja (Lair:4)
  A fire crab (Lair:5)
  Nergalle (D:10)
  A necromancer (IceCv)
  Pikel (D:4)
  An orc sorcerer (D:10)
  A manticore (D:12)
  2 cyclopes
  19 elephants
  5 black mambas
  3 torpor snails (Lair:4)
  6 cane toads
  An ice statue (IceCv)
  3 molten gargoyles (Lair:5)
  Maggie (D:6)
  3 unseen horrors
  12 komodo dragons
  10 ice devils (IceCv)
  2 rime drakes
  An anaconda simulacrum (IceCv)
  6 freezing wraiths (IceCv)
  A troll (D:10)
  Prince Ribbit (D:5)
  3 polar bears
  3 tyrant leeches (Lair:3)
  13 blink frogs
  14 dream sheep
  6 slime creatures
  Sigmund (D:4)
  7 wyverns
  2 dire elephant simulacra (IceCv)
  21 yaks
  5 basilisks
  A death yak simulacrum (IceCv)
  5 steam dragons
  16 vampire mosquitoes
  3 wargs
  2 harpy simulacra (IceCv)
  A swamp worm (Lair:3)
  An acid dragon (D:10)
  2 nagas (Lair:2)
  5 hell hounds (Lair:5)
  Duvessa (D:7)
  11 water moccasins
  4 black bears
  12 orc warriors
  A sky beast (D:7)
  3 ogres
  4 centaurs
  11 wolves
  3 lemures
  A kobold brigand (D:6)
  2 phantoms
  12 bullfrogs
  Blork the orc (D:5)
  2 necrophages
  2 scorpions
  A gnoll sergeant (D:6)
  10 cane toad simulacra (IceCv)
  A two-headed ogre simulacrum (IceCv)
  3 wights (D:6)
  Dowan (D:7)
  An elephant simulacrum (IceCv)
  7 howler monkeys
  5 lava snakes (Lair:5)
  2 hounds
  11 orc priests
  Crazy Yiuf (D:5)
  A gnoll bouda (D:6)
  3 iguanas
  9 orc wizards
  A troll simulacrum (IceCv)
  5 wolf simulacra (IceCv)
  3 polar bear simulacra (IceCv)
  14 gnolls
  A naga simulacrum (IceCv)
  7 adders
  A shadow imp (D:7)
  2 white imps
  2 ufetubi (IceCv)
  A worm (D:2)
  3 dart slugs
  40 orcs
  4 ball pythons
  7 endoplasms
  6 giant cockroaches
  4 goblins
  3 hobgoblins
  8 jackals
  4 quokkas
  12 bats
  2 frilled lizards
  9 kobolds
  5 rats
482 creatures vanquished.

Vanquished Creatures (others)
  An orc priest (Orc:1)
  41 fungi
  38 plants
  12 toadstools (Lair:1)
92 creatures vanquished.

Grand Total: 574 creatures vanquished

Notes
Turn   | Place    | Note
-------+----------+-------------------------------------------
     0 | D:1      | LustLizard the Troll Fighter began the quest for the Orb.
     0 | D:1      | Reached XP level 1. HP: 22/22 MP: 0/0
   157 | D:1      | Reached XP level 2. HP: 29/29 MP: 1/1
   625 | D:1      | Reached XP level 3. HP: 33/36 MP: 2/2
   936 | D:2      | Reached skill level 3 in Unarmed Combat
  1079 | D:2      | Found a faded altar of an unknown god.
  1191 | D:2      | Found Agumeh's Antique Armour Emporium.
  1271 | D:2      | Reached XP level 4. HP: 41/44 MP: 3/3
  2190 | D:4      | Reached skill level 4 in Unarmed Combat
  2190 | D:4      | Reached XP level 5. HP: 37/53 MP: 4/4
  2193 | D:4      | Noticed a phantom
  2324 | D:4      | Noticed Sigmund
  2330 | D:4      | Killed Sigmund
  2331 | D:4      | Reached skill level 5 in Unarmed Combat
  2331 | D:4      | Reached XP level 6. HP: 33/62 MP: 5/5
  2540 | D:4      | Noticed Pikel
  2657 | D:4      | Killed Pikel
  2658 | D:4      | Reached skill level 6 in Unarmed Combat
  2658 | D:4      | Reached XP level 7. HP: 21/71 MP: 6/6
  2761 | D:4      | Reached skill level 5 in Shields
  2761 | D:4      | Reached XP level 8. HP: 72/79 MP: 7/7
  2797 | D:4      | Reached skill level 7 in Unarmed Combat
  2879 | D:4      | Found a glowing silver altar of Zin.
  2879 | D:4      | Found a sacrificial altar of Ru.
  2891 | D:4      | Found a snail-covered altar of Cheibriados.
  2892 | D:4      | Found a hazy altar of Hepliaklqana.
  2892 | D:4      | Found an opulent altar of Gozag.
  2894 | D:4      | Found an iron altar of Okawaru.
  2894 | D:4      | Found an ornate altar of the Wu Jian Council.
  2902 | D:4      | Became a worshipper of the Wu Jian Council
  3216 | D:5      | Entered Level 5 of the Dungeon
  3446 | D:5      | Found a shadowy altar of Dithmenos.
  3446 | D:5      | Found an ancient bone altar of Kikubaaqudgha.
  3558 | D:5      | Noticed Blork the orc
  3558 | D:5      | Noticed Prince Ribbit
  3581 | D:5      | Killed Blork the orc
  3613 | D:5      | Found a runed translucent door.
  3614 | D:5      | Noticed Crazy Yiuf
  3623 | D:5      | Killed Crazy Yiuf
  3810 | D:5      | Reached skill level 5 in Fighting
  3981 | D:5      | Reached skill level 8 in Unarmed Combat
  4522 | D:6      | Reached * piety under Wu Jian
  4592 | D:6      | Reached XP level 9. HP: 79/88 MP: 8/8
  4689 | D:6      | Noticed Maggie
  4716 | D:6      | Killed Maggie
  4717 | D:6      | Reached skill level 9 in Unarmed Combat
  5259 | D:5      | Killed Prince Ribbit
  5541 | D:7      | Noticed Dowan
  5558 | D:7      | Killed Dowan
  5558 | D:7      | Reached ** piety under Wu Jian
  5589 | D:7      | Found a staircase to the Ecumenical Temple.
  5639 | D:7      | Noticed Duvessa
  5645 | D:7      | Killed Duvessa
  5646 | D:7      | Reached skill level 10 in Unarmed Combat
  6056 | D:8      | You fall into a shaft and drop 2 floors!
  6056 | D:10     | Entered Level 10 of the Dungeon
  6114 | D:10     | Reached XP level 10. HP: 81/100 MP: 9/9
  6152 | D:10     | Found a staircase to the Lair.
  6331 | D:10     | Found a hide-covered altar of Uskayaw.
  6662 | D:10     | Noticed Nergalle
  6672 | D:10     | Reached skill level 11 in Unarmed Combat
  6687 | D:10     | Killed Nergalle
  6798 | D:10     | Found a burning altar of Makhleb.
  6865 | D:10     | Found a staircase to the Orcish Mines.
  7128 | D:11     | Noticed a boulder beetle
  7145 | D:10     | Reached *** piety under Wu Jian
  7153 | D:10     | Killed a boulder beetle
  7154 | D:10     | Reached XP level 11. HP: 37/109 MP: 10/10
  7257 | D:11     | Noticed a boulder beetle
  7275 | D:11     | Killed a boulder beetle
  7276 | D:11     | Reached skill level 5 in Dodging
  7773 | D:11     | Reached skill level 12 in Unarmed Combat
  7880 | D:11     | Identified the +1 ring mail of the Aged Ziggurats {rPois
                  | Stlth+}
  7987 | D:11     | Found a broken altar of Ashenzari.
  8022 | D:11     | Identified the +1 ring mail of Indomitability {Contam rF+
                  | Dex+6}
  8102 | D:11     | Noticed a two-headed ogre
  8110 | D:11     | Killed a two-headed ogre
  8270 | Lair:1   | Entered Level 1 of the Lair of Beasts
  8272 | Lair:1   | Noticed a boulder beetle
  8281 | Lair:1   | Killed a boulder beetle
  8661 | Lair:1   | Noticed an eight-headed hydra
  8759 | Orc:1    | Entered Level 1 of the Orcish Mines
  8759 | Orc:1    | Noticed an orc warlord
  8759 | Orc:1    | Noticed an orc sorcerer
  8794 | D:10     | Reached skill level 13 in Unarmed Combat
  9145 | D:12     | Reached **** piety under Wu Jian
  9146 | D:12     | Reached XP level 12. HP: 91/120 MP: 11/11
  9225 | D:12     | Found a sparkling altar of Nemelex Xobeh.
  9253 | D:12     | Noticed Frances
  9260 | D:12     | Found a portal to a secret trove of treasure.
  9313 | D:12     | Killed Frances
  9526 | D:12     | Identified the +1 quarterstaff of Sin {speed, rF- rC++}
  9536 | D:12     | Identified the +4 chain mail of Beogh's Envy {rPois rN++
                  | Slay-3 SInv}
  9689 | D:12     | Noticed a two-headed ogre
  9701 | D:12     | Killed a two-headed ogre
  9863 | D:12     | Noticed a two-headed ogre
  9871 | D:12     | Killed a two-headed ogre
 10250 | Lair:1   | Killed an eight-headed hydra
 10325 | Lair:1   | Reached skill level 14 in Unarmed Combat
 10599 | Lair:1   | Noticed a dire elephant
 10599 | Lair:1   | Found the +10 morningstar "Eos" {elec, Halo rElec}
 10619 | Lair:1   | Found a runed translucent door.
 11281 | Lair:2   | Reached ***** piety under Wu Jian
 11380 | Lair:2   | Noticed an eight-headed hydra
 11418 | Lair:2   | Killed an eight-headed hydra
 11419 | Lair:2   | Reached skill level 10 in Shields
 11584 | Lair:2   | Found a staircase to the Snake Pit.
 11856 | Lair:3   | Noticed a five-headed hydra
 11907 | Lair:3   | Identified the +2 buckler of the World {Will++ rCorr}
 11987 | Lair:3   | Reached XP level 13. HP: 131/131 MP: 12/12
 12055 | Lair:3   | Identified the +2 leather armour "Lohon Eby" {rC+ Int+2
                  | Dex-3 Stlth+}
 12235 | Lair:3   | Found a staircase to the Swamp.
 12656 | Lair:4   | Reached skill level 15 in Unarmed Combat
 12661 | Lair:4   | Found a hide-covered altar of Uskayaw.
 12855 | Lair:4   | Noticed Sonja
 12875 | Lair:4   | Killed Sonja
 13197 | Lair:4   | Found a staircase to the Slime Pits.
 13197 | Lair:4   | Found a viscous altar of Jiyva.
 13856 | Lair:5   | Entered Level 5 of the Lair of Beasts
 14234 | Lair:5   | Reached skill level 10 in Fighting
 14242 | Lair:5   | Reached skill level 16 in Unarmed Combat
 14298 | Lair:5   | Reached XP level 14. HP: 86/143 MP: 13/13
 14338 | Lair:5   | Found a frozen archway.
 14368 | IceCv    | Entered an ice cave
 14459 | IceCv    | Reached ****** piety under Wu Jian
 14866 | IceCv    | Found an ancient bone altar of Kikubaaqudgha.
 15328 | IceCv    | Identified a scroll of acquirement
 15328 | IceCv    | Acquired 870 gold pieces
 15633 | IceCv    | HP: 6/136 [ice devil (5)]
 15793 | IceCv    | Identified the +3 leather armour of Tuafar {rCorr}
 16277 | Lair:5   | Found a large runed translucent door.
 16757 | Lair:5   | Found a large runed translucent door.
 17499 | D:10     | Killed an orc warlord
 17584 | Orc:1    | Identified the +13 chain mail "Jaotull" {Regen+}
 17645 | Orc:1    | Reached skill level 17 in Unarmed Combat
 17662 | Orc:1    | HP: 1/142 [fire elemental[a deep elf pyromancer] (13)]
 17662 | Orc:1    | Killed from afar by an orc wizard

Illustrated notes

Levels and vault maps discovered:
D:1:      dpeg_arrival_rooms_a, layout_loops_ring, amethyst_killhole
D:2:      layout_rooms, shapermc_ecumenical_altar_pompeii, serial_shops,
          shop_statue, grunt_ministairs_12
D:3:      layout_basic
D:4:      layout_loops_ring, grunt_temple_overflow_open, dk_noncrumbling_2,
          minmay_box_of_dots, uniq_sigmund, uniq_pikel
D:5:      layout_basic, nicolae_overflow_two_pavilions, corexii_checkpoint_b,
          uniq_crazy_yiuf_cottage, uniq_blork_the_orc, uniq_prince_ribbit1
D:6:      layout_basic, minmay_unpleasant_kobolds, uniq_maggie
D:7:      layout_loops_cross, minmay_temple_entry_water_ring,
          chequers_serial_rivers_small_3, uniq_duvessa
D:8:      layout_loops_ring
D:10:     layout_roguey, nicolae_uskayaw_dance_hall, bloody_makhleb,
          due_lair_maze_entry_diamond, minmay_orc_entry_temple_small,
          uniq_nergalle
D:11:     layout_roguey, ashenzari_conservatory_becter
D:12:     layout_long_grid, enter_trove_0, roderic_batcave,
          nemelex_diamond_rough_becter, uniq_frances
Lair:1:   gammafunk_lair_enchanted_lake, layout_chaotic_city, minivault_24
Lair:2:   layout_chaotic_city, minmay_snake_entry_guardpost_small
Lair:3:   layout_big_grid, minmay_swamp_entry_worms, infiniplex_staircase_pool
Lair:4:   layout_roguey, slime_entry_1, basic_altar,
          nicolae_lair_grove_arrangements, grunt_megastairs_1, uniq_sonja
Lair:5:   cheibrodos_lair_end_hotspot, layout_long_grid,
          portal_ice_cave_entry_pillars_1
Orc:1:    layout_caves, elf_legates

Skill      XL: |  1  2  3  4  5  6  7  8  9 10 11 12 13 14 |
---------------+-------------------------------------------+-----
Shields        | 3 4 5 6 7 8 9 10 11 | 11.6
Unarmed Combat | 3 4 5 6 8 10 11 13 14 16 17 | 17.0
Fighting       | 3 4 5 6 7 8 9 10 | 10.6
Dodging        | 3 4 6 7 8 9 |  9.2

Action                   |  1- 3 |  4- 6 |  7- 9 | 10-12 | 13-15 || total
-------------------------+-------+-------+-------+-------+-------++-------
Melee: Unarmed           |   103 |   108 |   306 |   639 |   752 ||  1908
Throw: Stone             |       |    10 |    17 |       |       ||    27
       Dart              |       |     5 |     5 |    12 |       ||    22
       Boomerang         |       |     4 |     4 |    23 |    11 ||    42
       Large rock        |       |       |       |     7 |     4 ||    11
       Javelin           |       |       |       |     2 |     2 ||     4
Invok: Lunge             |       |       |    33 |    52 |    49 ||   134
       Whirlwind         |       |       |     1 |     7 |    50 ||    58
Evoke: Wand              |       |       |       |     8 |    15 ||    23
  Use: Scroll            |     3 |       |     6 |    10 |    14 ||    33
       Potion            |       |     1 |       |     7 |     8 ||    16
 Stab: Distracted        |       |       |       |       |     1 ||     1
Armor: Robe              |    33 |    16 |    36 |     8 |    15 ||   108
       Troll leather arm |       |       |       |   138 |    96 ||   234
       Skin              |       |       |       |    33 |    32 ||    65
Dodge: Dodged            |    32 |    18 |    57 |   151 |   185 ||   443
Block: Kite shield       |    31 |    51 |   140 |   407 |   473 ||  1102
       Reflection        |       |       |     5 |     8 |     5 ||    18
